 Dungeon Crawl Stone Soup version 0.30-a0-778-g2ef04afb54 (webtiles) character file.

Game seed: 8420745174081717105

1294 mistaj the Chopper (level 8, -10/43 HPs)
             Began as a Vine Stalker Fighter on Feb 16, 2023.
             Mangled by an ice beast (12 damage)
             ... on level 6 of the Dungeon.
             The game lasted 00:06:32 (4316 turns).

mistaj the Chopper (Vine Stalker Fighter)           Turns: 4316, Time: 00:06:33

Health: -10/43     AC:  9    Str: 20    XL:     8   Next: 56%
Magic:  0/11       EV:  7    Int:  8    God:
Gold:   202        SH:  5    Dex: 15    Spells: 10/10 levels left

rFire   . . .      SeeInvis .    a - +0 war axe
rCold   . . .      Faith    .    c - +0 buckler
rNeg    . . .      Spirit   +    q - +0 chain mail
rPois   .          Reflect  .    v - +0 helmet
rElec   .          Harm     .    (no cloak)
rCorr   .          Rampage  .    (no gloves)
Will    +....                    (no boots) Stlth
                                 s - amulet of magic regeneration
HPRegen 1.07/turn                (no ring)
MPRegen 0.52/turn                (no ring)

@: no status effects
A: fangs 3, regeneration 1, magic shield, antimagic bite, no potion heal 2
a: no special abilities


You were on level 6 of the Dungeon.
You visited 1 branch of the dungeon, and saw 6 of its levels.

You collected 202 gold pieces.

Inventory:

Hand Weapons
 a - a +0 war axe (weapon)
Missiles
 r - 4 javelins (quivered)
Armour
 c - a +0 buckler (worn)
 q - a +0 chain mail (worn)
 v - a +0 helmet (worn)
Jewellery
 n - a ring of ice
 s - an amulet of magic regeneration (around neck)
 B - a ring of poison resistance
Wands
 C - a wand of flame (17)
Scrolls
 b - 2 scrolls of poison {unknown}
 f - 2 scrolls of noise {unknown}
 g - a scroll of identify
 h - 2 scrolls of blinking {unknown}
 i - a scroll of silence {unknown}
 l - 2 scrolls of magic mapping {unknown}
 m - 5 scrolls of teleportation {unknown}
 o - 2 scrolls of fear {unknown}
 p - a scroll of immolation {unknown}
 x - a scroll of fog {unknown}
 y - a scroll of brand weapon {unknown}
 z - a scroll of enchant weapon {unknown}
Potions
 d - 2 potions of might
 e - 2 potions of flight
 j - a potion of ambrosia
 k - a potion of haste
 t - 2 potions of lignification {unknown}
 u - a potion of mutation
 w - a potion of degeneration {unknown}
 A - 4 potions of curing {unknown}
 D - a potion of attraction {unknown}


   Skills:
 + Level 5.0 Fighting
 * Level 6.2 Axes
 - Level 2.4 Armour
 - Level 5.9 Shields
 + Level 1.8 Spellcasting


You had 10 spell levels left.
You didn't know any spells.
Your spell library contained the following spells:

 Spells                   Type           Power      Damage    Failure   Level
 Magic Dart               Conj           0%         1d3       99%         1
 Necrotise                Necr           0%         1d4       99%         1
 Call Imp                 Summ           0%         N/A       100%        2
 Mephitic Cloud           Conj/Pois/Air  0%         N/A       100%        3
 Summon Guardian Golem    Hex/Summ       0%         N/A       100%        3
 Vampiric Draining        Necr           0%         2d6       100%        3
 Agony                    Necr           0%         N/A       100%        5
 Orb of Destruction       Conj           0%         9d5       100%        7
 Spellforged Servitor     Conj/Summ      0%         N/A       100%        7


Dungeon Overview and Level Annotations

Branches:
Dungeon (6/15)
 Temple: D:4-7

Altars:

Shops:
D:1 :


Innate Abilities, Weirdness & Mutations

You have razor-sharp teeth.
Your natural rate of healing is unusually fast.
When hurt, damage is shared between your health and your magic reserves.
Your bite disrupts and absorbs the magic of your enemies.
Potions cannot restore your health.


Message History

You hit the orc warrior but do no damage.
Your bite misses the orc warrior.
The orc warrior is severely wounded.
You block the orc warrior's attack.
You closely miss the orc warrior. You bite the orc warrior!
You drain its power.
You feel invigorated.
The orc warrior is almost dead.
The orc warrior hits you but does no damage.
You closely miss the orc warrior.
The orc warrior is almost dead.
The orc warrior hits you but does no damage.
You block the orc warrior's attack.
You slash the orc warrior!
You kill the orc warrior!
Your life force feels restored.
Your Fighting skill increases to level 5!
You slash the ice beast!
The ice beast is moderately wounded.
The ice beast hits you. The ice beast freezes you!
You slash the ice beast!
The ice beast is heavily wounded.
The ice beast hits you but does no damage.
You hit the ice beast.
You bite the ice beast, but do no damage.
The ice beast is severely wounded.
The ice beast hits you. The ice beast freezes you.
* * * LOW HITPOINT WARNING * * *
The ice beast hits you but does no damage.
You closely miss the ice beast. Your bite misses the ice beast.
The ice beast is severely wounded.
The ice beast hits you.
* * * LOW HITPOINT WARNING * * *
The ice beast freezes you!
* * * LOW HITPOINT WARNING * * *
You hit the ice beast but do no damage.
The ice beast is severely wounded.
The ice beast hits you.
* * * LOW HITPOINT WARNING * * *
The ice beast freezes you!
You die...

.... #..# #?.#
#..# #..# #..#
#..# #..# #Y.#
#..# #.o# #..#
#..####..
#..####o.......
#)<..@Yo.......
#######.#####..
#.# . #.# #.#
..$ ... #.#


You could see an ice beast and 2 orcs.

Vanquished Creatures
  Sigmund (D:3)
  Eustachio (D:4)
  An orc warrior (D:6)
  An ice beast (D:5)
  A black bear (D:5)
  A necrophage (D:5)
  2 scorpions (D:5)
  A wight (D:6)
  A howler monkey (D:5)
  An orc priest (D:3)
  3 hounds (D:5)
  Jessica (D:3)
  Natasha (thrice) (D:4)
  Robin (D:3)
  4 gnolls
  5 adders
  3 worms
  4 dart slugs
  6 orcs
  8 endoplasms
  3 giant cockroaches
  13 goblins
  13 hobgoblins
  8 jackals
  9 kobolds
  4 quokkas
  9 ball pythons
  4 bats
  3 frilled lizards
  7 rats
122 creatures vanquished.

Vanquished Creatures (others)
  2 withered plants (D:2)
2 creatures vanquished.

Grand Total: 124 creatures vanquished

Notes
Turn   | Place    | Note
-------+----------+-------------------------------------------
     0 | D:1      | mistaj the Vine Stalker Fighter began the quest for the
                  | Orb.
     0 | D:1      | Reached XP level 1. HP: 11/11 MP: 2/2
    43 | D:1      | Reached skill level 2 in Axes
    43 | D:1      | Reached XP level 2. HP: 13/16 MP: 1/3
   234 | D:1      | Found Omuula's Book Shoppe.
   406 | D:1      | Reached XP level 3. HP: 19/19 MP: 4/4
  1322 | D:2      | Found a faded altar of an unknown god.
  1357 | D:2      | Gained mutation: Your natural rate of healing is unusually
                  | fast. [Vine Stalker growth]
  1357 | D:2      | Reached XP level 4. HP: 24/24 MP: 5/5
  1869 | D:3      | Noticed Sigmund
  2012 | D:3      | Killed Sigmund
  2013 | D:3      | Reached skill level 3 in Axes
  2013 | D:3      | Reached XP level 5. HP: 25/28 MP: 6/6
  2013 | D:3      | Reached XP level 6. HP: 28/32 MP: 7/7
  2022 | D:3      | Noticed Jessica
  2027 | D:3      | Killed Jessica
  2104 | D:3      | Noticed Robin
  2114 | D:3      | Reached skill level 4 in Axes
  2117 | D:3      | Killed Robin
  2398 | D:3      | Identified the +1 robe "Cafob" {rC- rN+ Str+2}
  2646 | D:4      | Noticed Eustachio
  2672 | D:4      | Killed Eustachio
  2673 | D:4      | Reached skill level 5 in Shields
  2673 | D:4      | Reached XP level 7. HP: 37/37 MP: 8/8
  2814 | D:4      | Noticed Natasha
  2819 | D:4      | Killed Natasha
  3309 | D:4      | Noticed Natasha
  3320 | D:4      | Killed Natasha
  3376 | D:4      | Noticed Natasha
  3384 | D:4      | Killed Natasha
  3520 | D:5      | Entered Level 5 of the Dungeon
  3645 | D:5      | Reached skill level 5 in Axes
  3807 | D:5      | Gained mutation: You have razor-sharp teeth. [Vine Stalker
                  | growth]
  3807 | D:5      | Reached XP level 8. HP: 36/42 MP: 9/9
  4157 | D:5      | Reached skill level 1 in Spellcasting
  4272 | D:6      | Reached skill level 6 in Axes
  4312 | D:6      | Reached skill level 5 in Fighting
  4315 | D:6      | HP: 2/43 [ice beast (7)]
  4316 | D:6      | Mangled by an ice beast

Illustrated notes

Levels and vault maps discovered:
D:1:      dpeg_arrival_stonehenge_8_columns, layout_basic, serial_shops,
          nicolae_square_shop
D:2:      minmay_alternating_diamond, layout_basic,
          ebering_ecumenical_altar_petrified
D:3:      layout_rooms, uniq_sigmund, uniq_jessica, uniq_robin
D:4:      layout_layer_cave, dreamdust_wishing_well, uniq_eustachio,
          uniq_natasha
D:5:      layout_gridville
D:6:      layout_basic

Skill      XL: |  1  2  3  4  5  6  7  8 |
---------------+-------------------------+-----
Axes           | 2 3 4 5 6 |  6.2
Shields        | 3 4 5 |  5.9
Fighting       | 3 4 5 |  5.0
Spellcasting   | 1 |  1.8
Armour         | |  2.4

Action                     |  1- 3 |  4- 6 |  7- 9 || total
---------------------------+-------+-------+-------++-------
  Melee: War axe           |   106 |   140 |   116 ||   362
         Bite              |    27 |    39 |    33 ||    99
    Use: Scroll            |       |       |     5 ||     5
 Armour: Scale mail        |    47 |       |       ||    47
         Chain mail        |    13 |    59 |    66 ||   138
  Dodge: Dodged            |    33 |    45 |    47 ||   125
  Block: Buckler           |    29 |    27 |    47 ||   103

Table legend: (Time is in decaauts)
 A = Elapsed time spent in this place.
 B = Non-inter-level travel time spent in this place.
 C = Inter-level travel time spent in this place.
 D = Time resting spent in this place.
 E = Time spent auto-exploring this place.
 F = Levels seen in this place.
 G = Mean time per level.
                   A        B        C        D        E       F      G
               +--------+--------+--------+--------+--------+-----+--------+
         Total |   4441 |   4345 |     96 |    472 |   2746 |   6 |  740.2 |
       Dungeon |   4441 |   4345 |     96 |    472 |   2746 |   6 |  740.2 |
               +--------+--------+--------+--------+--------+-----+--------+

Top non-repeatable levels by time:
     D:4: 1044 daAuts
     D:2: 1036 daAuts
     D:1: 914 daAuts
     D:5: 767 daAuts
     D:3: 628 daAuts
     D:6: 50 daAuts
